Unix NetHack Version 3.7.0-70 Work-in-progress - last build Jan 20 2023 02:37:49 (416de4da9be3a1557180d233d1398bca634ded6a,branch:master). Game began 2023-01-21 17:28:29, ended 2023-01-21 17:37:06. Gandelf, neutral male human Monk --. |..- --.- ... -..- - - -.%...@.*...........- .*.... ..| ...%..- . - - - Gandelf the Novice St:17 Dx:18 Co:12 In:8 Wi:12 Ch:7 Neutral S:614 Dlvl:4 $:42 HP:0(38) Pw:19(19) AC:4 Xp:4/103 T:1840 Fainted Blind Deaf Latest messages: You feel here a bugbear corpse. It hits! You kill it! Welcome to experience level 4. You try to feel what is lying here on the floor. You feel here a gem. It misses. J - a dart. K - a gem. It hits! You kill it! L - a scroll. You try to feel what is lying here on the floor. You feel here 4 darts. J - 4 darts (5 in total). You feel an unseen monster! You kill it! You are beginning to feel weak. You try to feel what is lying here on the floor. You are hit! You are hit! You feel an unseen monster! You kill it! You try to feel what is lying here on the floor. M - 2 daggers. N - a gem. You try to feel what is lying here on the floor. You feel here a dagger. M - a dagger (3 in total). Wait! There's something there you can't see! You hit it. It hits! It is hit! It is destroyed! You try to feel what is lying here on the floor. M - a dagger (4 in total). Where do you want to travel to? (For instructions type a '?') Wait! There's something there you can't see! You hit it. You faint from lack of food. It hits! It hits! It hits! You die... Do you want your possessions identified? [ynq] (y) y Do you want to see your attributes? [ynq] (y) y Do you want an account of creatures vanquished? [ynaq] (y) y Do you want to see your conduct and achievements? [ynq] (y) y Do you want to see the dungeon overview? [ynq] (y) y Inventory: Coins $ - 42 gold pieces Weapons m - 10 blessed +1 arrows j - a +0 arrow r - 8 cursed -1 elven arrows J - 5 +0 darts M - 4 blessed +5 daggers Armor a - an uncursed +2 pair of leather gloves (being worn) b - an uncursed +1 robe (being worn) Comestibles g - 5 uncursed apples f - 3 uncursed food rations o - 2 uncursed food rations l - a cursed partly eaten food ration i - 3 uncursed fortune cookies h - 5 uncursed oranges Scrolls L - an uncursed scroll of create monster d - a blessed scroll of food detection C - an uncursed scroll of identify x - a blessed scroll of light p - an uncursed scroll of light u - an uncursed scroll of remove curse Spellbooks y - an uncursed spellbook of magic missile c - a blessed spellbook of protection Potions I - an uncursed potion of blindness F - an uncursed potion of hallucination e - 3 uncursed potions of healing H - an uncursed potion of see invisible B - an uncursed potion of water Tools k - a cursed credit card q - an uncursed mirror Gems/Stones E - an uncursed worthless piece of black glass K - an uncursed worthless piece of violet glass N - an uncursed worthless piece of yellowish brown glass Gandelf the Monk's attributes: Background: You were a Novice, a level 4 male human Monk. You were neutral, on a mission for Chih Sung-tzu who was opposed by Shan Lai Ching (lawful) and Huan Ti (chaotic). You were in the Gnomish Mines, on level 4. You entered the dungeon 1840 turns ago. There was a new moon in effect when your adventure ended. You had 103 experience points, 57 more were needed to attain level 5. Your score was 614 before end-of-game adjustments. Basics: You had 0 out of 38 hit points. You had all 19 energy points (spell power). Your armor class was 4. Your wallet contained 42 zorkmids. Autopickup was on for '$?!+/=' plus thrown. Final Characteristics: Your strength was 17 (base:18, limit:18/100). Your dexterity was 18 (limit:18). Your constitution was 12 (limit:18). Your intelligence was 8 (limit:18). Your wisdom was 12 (limit:18). Your charisma was 7 (limit:18). Final Status: You were temporarily blind. You were deaf. You were fainted due to starvation. You were unencumbered. You were empty handed. You had basic skill with martial arts. Final Attributes: You were devoutly aligned. You were sleep resistant. You were poison resistant. You would have seen invisible when not blind. You were guarded. You were fast. You are dead. Miscellaneous: You never encountered a bones level. Total elapsed playing time was 8 minutes and 37 seconds. Major events: Turn 1: Gandelf the neutral male human Monk entered the dungeon 1506: attained the rank of Novice (level 3) 1768: entered the Gnomish Mines 1840: killed by a gnome lord, while fainted from lack of food Vanquished creatures: a bugbear a homunculus a hobbit 3 giant rats 2 cave spiders a yellow mold 6 gnomes a gecko 3 jackals a fox a goblin 2 sewer rats a bat 4 lichens 6 newts 34 creatures vanquished. No species were genocided or became extinct. Voluntary challenges: You followed a strict vegan diet. You never hit with a wielded weapon. You were illiterate. You never engraved Elbereth. You never genocided any monsters. You never polymorphed an object. You never changed form. You used no wishes. Achievements: You entered a shop. You attained the rank of Novice. You entered the Gnomish Mines. The Dungeons of Doom: levels 1 to 4 Level 1: Level 2: An altar to Chih Sung-tzu. Level 3: A general store. Stairs down to The Gnomish Mines. Level 4: A grave. The Gnomish Mines: Level 4: <- You were here. Final resting place for you, killed by a gnome lord, while fainted from lack of food. Game over: ---------- / \ / REST \ / IN \ / PEACE \ / \ | Gandelf | | 42 Au | | killed by a | | gnome lord | | | | | | 2023 | *| * * * | * _________)/\\_//(\/(/\)/\//\/|_)_______ Goodbye Gandelf the Monk... You died in The Gnomish Mines on dungeon level 4 with 610 points, and 42 pieces of gold, after 1840 moves. You were level 4 with a maximum of 38 hit points when you died.